 Dungeon Crawl Stone Soup version 0.31.0-12-g77e489cdc1 (webtiles) character file.

Game seed: 1855007995184398973

140 Stomo444 the Trooper (level 5, -1/42 HPs)
             Began as a Demonspawn Monk on Feb 28, 2024.
             Was a Follower of Ru.
             Slain by a river rat (4 damage)
             ... on level 3 of the Dungeon.
             The game lasted 00:03:53 (2376 turns).

Stomo444 the Trooper (Demonspawn Monk)              Turns: 2376, Time: 00:03:53

Health: -1/42      AC:  8    Str: 14    XL:     5   Next: 2%
Magic:  5/5        EV: 11    Int: 10    God:    Ru [*.....]
Gold:   140        SH:  4    Dex: 15    Spells: 4/4 levels left

rFire   . .          .
                       - Unarmed
rCold   . . .        c - orb {light}
rNeg    . . .        g - +0 ring mail
rPois   .            e - +2 helmet
rElec   .            (no cloak)
rCorr   .            (no gloves)
SInv    .            (no boots)
Will    .....        (no amulet)
Stlth   +            (no ring)
HPRegen 0.27/turn    (no ring)
MPRegen 0.09/turn

%: no passive effects
@: glowing
A: no air magic, no conjurations magic, no hexes magic, condensation shield
a: Renounce Religion


You were on level 3 of the Dungeon.
You worshipped Ru.
Ru was aware of your devotion.
You visited 1 branch of the dungeon, and saw 3 of its levels.

You collected 140 gold pieces.

Inventory:

Armour
 a - a +0 robe
 c - an orb of light (worn)
 e - a +2 helmet (worn)
 g - a +0 ring mail (worn)
 j - a +0 scale mail
Scrolls
 f - a scroll of immolation
 i - a scroll of amnesia {unknown}
 o - a scroll of identify
 q - a scroll of teleportation {unknown}
Potions
 b - a potion of ambrosia
 d - a potion of enlightenment
 h - 2 potions of cancellation
 k - a potion of might {unknown}
 l - a potion of haste {unknown}
 m - a potion of degeneration {unknown}
 n - a potion of mutation {unknown}
 p - a potion of attraction {unknown}


   Skills:
 + Level 3.8 Fighting
 + Level 1.9 Armour
 + Level 3.4 Dodging
 + Level 3.4 Unarmed Combat


You had 4 spell levels left.
You didn't know any spells.
Your spell library contained the following spells:

 Spells                   Type           Power      Damage    Failure   Level
 Call Imp                 Summ           0%         N/A       75%         2
 Sublimation of Blood     Necr           0%         N/A       75%         2
 Summon Hydra             Summ           0%         N/A       100%        7


Dungeon Overview and Level Annotations

Branches:
Dungeon (3/15)

Altars:
Ru


Innate Abilities, Weirdness & Mutations

You cannot study or cast Air magic.
You cannot study or cast Conjurations magic.
You cannot study or cast Hexes magic.
A meltable shield of frost defends you. (SH +4)


Message History

The river rat closely misses you.
You barely miss the river rat.
The river rat is almost dead.
The river rat barely misses you.
You hit the river rat but do no damage.
The river rat is almost dead.
The river rat barely misses you.
You completely miss the river rat.
The river rat is almost dead.
The giant cockroach waves its antennae.
The river rat barely misses you.
You hit the river rat.
You kill the river rat!
You hit the river rat.
The river rat is moderately wounded.
The river rat bites you but does no damage.
You hit the river rat.
The river rat is severely wounded.
The river rat closely misses you.
You hit the river rat.
You kill the river rat!
You have reached level 5!
You hit the river rat but do no damage. The river rat barely misses you.
You hit the river rat but do no damage. The river rat bites you.
* * * LOW HITPOINT WARNING * * *
You hit the river rat but do no damage. The river rat bites you.
* * * LOW HITPOINT WARNING * * *
You hit the river rat but do no damage. The river rat misses you.
You hit the river rat but do no damage. The river rat bites you.
* * * LOW HITPOINT WARNING * * *
You barely miss the river rat. The river rat bites you.
* * * LOW HITPOINT WARNING * * *
You hit the river rat.
The river rat is heavily wounded.
The river rat bites you.
* * * LOW HITPOINT WARNING * * *
You hit the river rat but do no damage.
The river rat is heavily wounded.
The river rat bites you.
You die...

.#
#####.###
.## #.#
..# #.#
..# #.#
#.# #.#
#.# #.#
#.#
#.######
#.#
#......#
..#
#@####.#
..# #r#
..#
#B†..~~~#
)##
###.~~~~#
.# ~~~~~#
.# ~~~.#
.# #####
.# .#


You could see a river rat and a giant cockroach.

Vanquished Creatures
  Terence (D:2)
  3 adders
  3 river rats (D:3)
  2 ribbon worms (D:2)
  A dart slug (D:2)
  4 orcs (D:3)
  7 ball pythons
  4 bats
  4 endoplasms
  4 giant cockroaches
  4 goblins
  2 hobgoblins
  2 kobolds
  A quokka (D:1)
  6 frilled lizards
  6 rats
54 creatures vanquished.

Notes
Turn   | Place    | Note
-------+----------+-------------------------------------------
     0 | D:1      | Stomo444 the Demonspawn Monk began the quest for the Orb.
     0 | D:1      | Reached XP level 1. HP: 18/18 MP: 1/1
   129 | D:1      | Gained mutation: A meltable shield of frost defends you.
                  | (SH +4) [demonic ancestry]
   129 | D:1      | Reached XP level 2. HP: 22/24 MP: 2/2
   636 | D:1      | Found a faded altar of an unknown god.
   744 | D:2      | Reached skill level 1 in Armour
   815 | D:2      | Reached XP level 3. HP: 27/29 MP: 3/3
  1350 | D:2      | Noticed Terence
  1367 | D:2      | Killed Terence
  1368 | D:2      | Reached XP level 4. HP: 21/35 MP: 4/4
  1875 | D:3      | Found a sacrificial altar of Ru.
  1890 | D:3      | Became a worshipper of Ru the Awakened
  1916 | D:3      | Gained mutation: You cannot study or cast Air magic. [Ru
                  | sacrifice]
  1916 | D:3      | Gained mutation: You cannot study or cast Hexes magic. [Ru
                  | sacrifice]
  1916 | D:3      | Gained mutation: You cannot study or cast Conjurations
                  | magic. [Ru sacrifice]
  1916 | D:3      | Reached * piety under Ru
  2369 | D:3      | Reached XP level 5. HP: 13/42 MP: 5/5
  2376 | D:3      | Slain by a river rat

Illustrated notes

Levels and vault maps discovered:
D:1:      eino_arrival_cavern_a, layout_basic,
          dilly_ecumenical_altar_fadedgnrine
D:2:      layout_basic, uniq_terence
D:3:      layout_loops_cross, nicolae_ru_awakened_eye, portal_sewer_entry_b

Skill      XL: |  1  2 |
---------------+-------+-----
Dodging        | 3 |  3.4
Armour         | 1 |  1.9
Unarmed Combat | 3 |  3.4
Fighting       | |  3.8

Action                     |  1- 3 |  4- 6 || total
---------------------------+-------+-------++-------
  Melee: Unarmed           |   142 |   108 ||   250
 Invoke: Sacrifice Arcana  |       |     1 ||     1
    Use: Scroll            |     3 |       ||     3
 Armour: Robe              |    22 |       ||    22
         Ring mail         |    40 |    54 ||    94
  Dodge: Dodged            |    83 |    52 ||   135
